 Dungeon Crawl Stone Soup version 0.29.1-4-g47bece8355 (webtiles) character file.

Game seed: 4727630261526988912

4 H0rd4k the Charlatan (level 1, 0/13 HPs)
             Began as an Octopode Artificer on Dec 5, 2022.
             Slain by a hobgoblin (3 damage)
             ... on level 1 of the Dungeon.
             The game lasted 00:00:25 (185 turns).

H0rd4k the Charlatan (Octopode Artificer)            Turns: 185, Time: 00:00:26

Health: 0/13       AC:  1    Str: 11    XL:     1   Next: 60%
Magic:  2/2        EV: 13    Int: 13    God:
Gold:   17         SH:  0    Dex: 12    Spells: 1/1 levels left

rFire   . . .      SeeInvis .   (no weapon)
rCold   . . .      Faith    .   (no shield)
rNeg    . . .      Spirit   .   (helmet restricted)
rPois   .          Reflect  .   (no amulet)
rElec   .          Harm     .   (no ring)
rCorr   .          Rampage  .   (no ring)
Will    .....                   (no ring)
Stlth   +++.......              (no ring)
HPRegen 0.04/turn               (no ring)
MPRegen 0.08/turn               (no ring)
                                (no ring)
                                (no ring)

@: no status effects
A: almost no armour, amphibious, 8 rings, camouflage 1, gelatinous body 1,
(nimble swimmer 1), tentacles
a: no special abilities


You were on level 1 of the Dungeon.
You visited 1 branch of the dungeon, and saw 1 of its levels.

You collected 17 gold pieces.

Inventory:

Wands
 b - a wand of flame (15) (quivered)
 c - a wand of charming (14)
 d - a wand of iceblast (5)
Scrolls
 a - a scroll of vulnerability {unknown}
 e - a scroll of teleportation {unknown}


   Skills:
 * Level 1.1 Fighting
 - Level 2.3 Dodging
 - Level 1.3 Stealth
 * Level 0.7 Spellcasting
 - Level 3.2 Evocations


You had one spell level left.
You didn't know any spells.
Your spell library contained the following spells:

 Spells                   Type           Power      Damage    Failure   Level
 Summon Guardian Golem    Hex/Summ       0%         N/A       65%         3
 Orb of Destruction       Conj           0%         9d5       100%        7
 Spellforged Servitor     Conj/Summ      0%         N/A       100%        7


Dungeon Overview and Level Annotations

Branches:
Dungeon (1/15)

Altars:


Innate Abilities, Weirdness & Mutations

You cannot wear most types of armour.
You are amphibious.
You can wear up to eight rings at the same time.
Your skin changes colour to match your surroundings (Stealth+).
Your rubbery body absorbs attacks. (AC +1, EV +1)
((You are camouflaged when in or above water. (Stealth+)))
You have tentacles for arms and can constrict up to eight enemies at once.


Message History

You miss the bat. You grab the bat. You constrict the bat.
The bat barely misses you.
The bat escapes!
A bat is nearby!
A bat is nearby!
The bat closely misses you.
A bat is nearby!
You tentacle-slap the bat.
You kill the bat!
Magic restored.
HP restored.
Key pressed, stopping explore.
No target in view! 2 hobgoblins come into view.
The hobgoblin shouts!
The hobgoblin misses you.
There are monsters nearby!
You closely miss the hobgoblin.
The hobgoblin shouts!
Your grab misses the hobgoblin.
There are monsters nearby!
You closely miss the hobgoblin. Your grab misses the hobgoblin.
Your squeeze misses the hobgoblin. The hobgoblin hits you.
The hobgoblin closely misses you.
There are monsters nearby!
There are monsters nearby!
You closely miss the hobgoblin. Your grab misses the hobgoblin.
The hobgoblin closely misses you. The hobgoblin barely misses you.
There are monsters nearby!
You closely miss the hobgoblin. Your grab misses the hobgoblin.
The hobgoblin hits you. x2
* * * LOW HITPOINT WARNING * * *
There are monsters nearby!
You are too injured to fight recklessly!
The hobgoblin attacks as you move away! The hobgoblin closely misses you.
Found 2 viscous green potions.
The hobgoblin closely misses you.
Aiming: Charm
Press: ? - help, Shift-Dir - straight line, f - hobgoblin
Aim: a hobgoblin (chance to affect: 73%)
The hobgoblin struggles to resist.
The hobgoblin hits you.
You die...

.## #.# #..!.
#.# #...# #.#
#...# #.# ...#
#.# ...# #.#
#########..####
#.#
.......@g.....#
#####.#
#########g.#..#


PPPP..# #########......# ......# #.........#.##.# PPPP..# #.#......###.# #
#####.# #.#....†..# #.# ....#.#.#.#.####.#.# #.. ......#.#.#.# ..##.# .##
......#.#.#.. #.. #.. # You could see 2 hobgoblins.

Vanquished Creatures
  2 bats (D:1)
  A hobgoblin (D:1)
  A frilled lizard (D:1)
4 creatures vanquished.

Notes
Turn   | Place    | Note
-------+----------+-------------------------------------------
     0 | D:1      | H0rd4k the Octopode Artificer began the quest for the Orb.
     0 | D:1      | Reached XP level 1. HP: 13/13 MP: 1/1
   185 | D:1      | Slain by a hobgoblin

Illustrated notes

Levels and vault maps discovered:
D:1:      eino_arrival_tree_alley, layout_basic,
          shapermc_ecumenical_altar_acropolis, minmay_tripent

Action                   || total
-------------------------++-------
Melee: Unarmed           ||    11
       Constrict         ||     4
       Tentacles         ||     3
       Club              ||     2
Evoke: Wand              ||     1
 Stab: Sleeping          ||     1
Armor: Skin              ||     2
Dodge: Dodged            ||    14
